[Event "Titled Tuesday Blitz November 01 Early 2022"]
[White "Rakhmanov, Aleksandr"]
[Black "Aizpurua, Patrick Emilio"]
[WhiteFideId "4173708"]
[BlackFideId "6600522"]
[WhiteElo "2778"]
[BlackElo "2576"]
[Result "1-0"]
[Round "06"]
[TimeControl "180+1"]
[Date "2022.11.02"]
[WhiteClock "0:02:13"]
[BlackClock "0:01:44"]

1. d4 Nf6 2. c4 e6 3. Nc3 Bb4 4. e3 O-O 5. Nf3 c5 6. Bd3 b6 7. Bd2 Bb7 8. a3 Bxc3 9. Bxc3 Ne4 10. Bxe4 Bxe4 11. dxc5 bxc5 12. Qd6 Nc6 13. Qxc5 Rc8 14. Qd6 Re8 15. Rd1 Na5 16. Qe5 1-0


[Site "https://www.chess.com"]

[Event "Titled Tuesday Blitz November 01 Early 2022"]
[White "Reprintsev, Alexander"]
[Black "Rosenberg, Evan S"]
[WhiteFideId "14100541"]
[BlackFideId "2019299"]
[WhiteElo "2230"]
[BlackElo "2377"]
[Result "0-1"]
[Round "06"]
[TimeControl "180+1"]
[Date "2022.11.02"]
[WhiteClock "0:00:10"]
[BlackClock "0:00:53"]

1. e4 e5 2. f4 d5 3. exd5 exf4 4. Nf3 Nf6 5. Bb5+ c6 6. dxc6 Nxc6 7. Nc3 Bc5 8. Qe2+ Be6 9. d4 Bxd4 10. Nxd4 Qxd4 11. Rf1 g5 12. g3 O-O-O 13. gxf4 Bg4 14. Qe3 Rhe8 15. Kf2 Rxe3 16. Bxe3 Qd6 17. fxg5 Qxh2+ 18. Ke1 Nd5 19. Nxd5 Rxd5 20. Bc4 Re5 0-1


[Site "https://www.chess.com"]

[Event "Titled Tuesday Blitz November 01 Early 2022"]
[White "Rios Escobar, Adan"]
[Black "Jaskolka, Tomasz"]
[WhiteFideId "3403645"]
[BlackFideId "1170791"]
[WhiteElo "2369"]
[BlackElo "2126"]
[Result "0-1"]
[Round "06"]
[TimeControl "180+1"]
[Date "2022.11.02"]
[WhiteClock "0:00:02"]
[BlackClock "0:01:18"]

1. d4 e6 2. c4 f5 3. g3 Nf6 4. Nf3 Be7 5. Bg2 O-O 6. O-O d6 7. Nc3 Ne4 8. Nxe4 fxe4 9. Nd2 d5 10. f3 c5 11. fxe4 cxd4 12. Rxf8+ Qxf8 13. exd5 e5 14. Nf3 Nd7 15. Bg5 a5 16. Qd2 h6 17. Bxe7 Qxe7 18. Rf1 Nc5 19. Nh4 Bd7 20. Ng6 Qd6 21. Nh4 Rb8 22. e3 d3 23. b3 e4 24. Qc3 Rf8 25. Qd4 Rxf1+ 26. Kxf1 Qf6+ 27. Ke1 Qe7 28. Ng6 Qd6 29. Bxe4 Nxe4 30. Qxe4 Qb4+ 31. Kf1 Qd2 32. Nf4 Qd1+ 33. Kf2 d2 34. Qf3 Qe1+ 35. Kg2 d1=Q 36. Qxd1 Qxd1 37. e4 Qd2+ 38. Kf3 g5 39. Ng6 g4# 0-1


[Site "https://www.chess.com"]

[Event "Titled Tuesday Blitz November 01 Early 2022"]
[White "Ristic, Nebojsa B"]
[Black "Kustar, Sandor"]
[WhiteFideId "935468"]
[BlackFideId "702900"]
[WhiteElo "2320"]
[BlackElo "2381"]
[Result "1-0"]
[Round "06"]
[TimeControl "180+1"]
[Date "2022.11.02"]
[WhiteClock "0:00:38"]
[BlackClock "0:00:49"]

1. d4 Nf6 2. Bf4 g6 3. Nc3 Bg7 4. e4 d6 5. Qd2 Nc6 6. O-O-O O-O 7. Nf3 Bg4 8. Qe3 Nh5 9. Bh6 Bxf3 10. gxf3 e5 11. dxe5 Nxe5 12. Be2 Bxh6 13. Qxh6 Qh4 14. Rdf1 Qf4+ 15. Qxf4 Nxf4 16. Kd2 c6 17. Ke3 g5 18. h4 f6 19. Rd1 Ng2+ 20. Kd2 Nxh4 21. f4 Neg6 22. Bc4+ Kg7 23. f5 Ne5 24. Be6 Rh8 25. Ke2 Rad8 26. f4 Ng4 27. Rdg1 h5 28. Nd1 Kf8 29. fxg5 fxg5 30. Ne3 Nxe3 31. Kxe3 1-0


[Site "https://www.chess.com"]

[Event "Titled Tuesday Blitz November 01 Early 2022"]
[White "Ronka, Erik"]
[Black "Tarasova, Viktoriya"]
[WhiteFideId "505080"]
[BlackFideId "4175840"]
[WhiteElo "2264"]
[BlackElo "2182"]
[Result "1-0"]
[Round "06"]
[TimeControl "180+1"]
[Date "2022.11.02"]
[WhiteClock "0:01:20"]
[BlackClock "0:00:02"]

1. e4 c5 2. Nf3 d6 3. Bb5+ Nd7 4. d4 cxd4 5. Qxd4 a6 6. Bxd7+ Bxd7 7. c4 e5 8. Qd3 h6 9. Nc3 Nf6 10. O-O Be7 11. a4 O-O 12. b3 Bc6 13. Rd1 Nxe4 14. Nxe4 f5 15. Ned2 e4 16. Qe3 exf3 17. Nxf3 Bf6 18. Rb1 Re8 19. Qd2 Bxf3 20. gxf3 Be5 21. f4 Qh4 22. Qd5+ Kh8 23. Qf3 Bf6 24. Be3 Rad8 25. Rd5 g6 26. Rbd1 Be7 27. Bb6 Rd7 28. c5 1-0


[Site "https://www.chess.com"]

[Event "Titled Tuesday Blitz November 01 Early 2022"]
[White "Rosh Jain"]
[Black "Deev, Andrei"]
[WhiteFideId "25789465"]
[BlackFideId "4102690"]
[WhiteElo "2233"]
[BlackElo "2316"]
[Result "0-1"]
[Round "06"]
[TimeControl "180+1"]
[Date "2022.11.02"]
[WhiteClock "0:00:01"]
[BlackClock "0:00:06"]

1. e4 d6 2. d4 Nf6 3. Bd3 c5 4. Nf3 g6 5. e5 dxe5 6. dxe5 Nd5 7. Bg5 Nc6 8. O-O Bg7 9. c4 Ndb4 10. Be4 Qxd1 11. Rxd1 Nxe5 12. Nc3 Nxc4 13. a3 Bxc3 14. bxc3 Nc6 15. Bxc6+ bxc6 16. Re1 Be6 17. Ne5 Nxe5 18. Rxe5 c4 19. Be3 Bd5 20. Bd4 f6 21. Re3 Kf7 22. f4 Rhb8 23. Rae1 e6 24. g4 Rb3 25. g5 f5 26. Rh3 Kg8 27. Bc5 a5 28. Ree3 Rab8 29. Bd6 Rb1+ 30. Kf2 R8b2+ 31. Re2 Rb3 32. Ree3 Rc1 33. Bc5 Be4 34. Re2 Rcxc3 35. Rd2 Rxh3 36. Rd8+ Kf7 0-1


[Site "https://www.chess.com"]

[Event "Titled Tuesday Blitz November 01 Early 2022"]
[White "Salman, Pavel"]
[Black "Kanyamarala, Tarun"]
[WhiteFideId "24153753"]
[BlackFideId "45004714"]
[WhiteElo "2187"]
[BlackElo "2307"]
[Result "0-1"]
[Round "06"]
[TimeControl "180+1"]
[Date "2022.11.02"]
[WhiteClock "0:00:15"]
[BlackClock "0:00:19"]

1. Nf3 Nf6 2. g3 b5 3. Bg2 Bb7 4. O-O e6 5. d3 d5 6. e4 dxe4 7. dxe4 Qxd1 8. Rxd1 Bxe4 9. Bf4 Bd6 10. Nc3 Bc6 11. Bxd6 cxd6 12. Rxd6 Ke7 13. Rad1 b4 14. Ne2 Bd5 15. Ne5 Bxg2 16. Kxg2 Rc8 17. R6d2 Nc6 18. f4 Nxe5 19. fxe5 Nd5 20. Nf4 Ne3+ 21. Kf3 Nxd1 22. Rxd1 Rxc2 23. Nd3 Rd8 24. Ke3 Rxh2 25. Rc1 Rg2 26. Kf3 Rd2 27. Nxb4 Rxb2 28. Nc6+ Ke8 29. Nxd8 Kxd8 30. a4 Rb3+ 31. Kg2 Rb4 32. Ra1 Re4 33. Rf1 Ke8 34. Rb1 Rxa4 35. Rb7 g6 36. Kh3 Kf8 37. g4 h6 38. Kh4 Kg7 39. Kg3 a5 40. Ra7 Ra1 41. Kf4 a4 42. Kg3 a3 43. Kg2 Re1 44. Rxa3 Rxe5 45. Ra7 Re3 46. Kf2 Rb3 47. Kg2 Kf6 48. Ra5 e5 49. Ra7 Rd3 50. Kh2 Rf3 51. Kg2 Rf4 52. Kg3 Kg5 53. Ra5 Rxg4+ 54. Kf3 f6 55. Ra8 h5 56. Rh8 h4 57. Kf2 Rg3 58. Rg8 f5 59. Re8 e4 60. Rh8 Kg4 61. Rg8 g5 62. Ke2 h3 63. Kf2 h2 64. Rh8 Rh3 65. Rg8 h1=Q 0-1


[Site "https://www.chess.com"]

[Event "Titled Tuesday Blitz November 01 Early 2022"]
[White "Sanchez, Robert"]
[Black "Migot, Tangi"]
[WhiteFideId "2034360"]
[BlackFideId "662445"]
[WhiteElo "2403"]
[BlackElo "2581"]
[Result "0-1"]
[Round "06"]
[TimeControl "180+1"]
[Date "2022.11.02"]
[WhiteClock "0:00:27"]
[BlackClock "0:00:38"]

1. Nf3 e6 2. e3 d5 3. c4 c6 4. Nc3 Bd6 5. d4 Nd7 6. Bd3 f5 7. b3 Ngf6 8. Bb2 O-O 9. O-O Qe7 10. Nd2 Bxh2+ 11. Kxh2 Ng4+ 12. Kg1 Qg5 13. Qf3 Rf6 14. Qg3 Rh6 15. Nf3 Qh5 16. Qh3 Qg6 17. Qg3 Rh5 18. Rfe1 Qh6 19. Kf1 Ndf6 20. Ke2 Bd7 21. Kd2 dxc4 22. Bxc4 b5 23. Bd3 a5 24. Ne2 g5 25. Qd6 Nxf2 26. Ne5 N2e4+ 0-1


[Site "https://www.chess.com"]

[Event "Titled Tuesday Blitz November 01 Early 2022"]
[White "Sarana, Alexey"]
[Black "Nakamura, Hikaru"]
[WhiteFideId "24133795"]
[BlackFideId "2016192"]
[WhiteElo "2689"]
[BlackElo "2909"]
[Result "1/2-1/2"]
[Round "06"]
[TimeControl "180+1"]
[Date "2022.11.01"]
[WhiteClock "0:00:09"]
[BlackClock "0:00:10"]

1. c4 Nf6 2. Nc3 e5 3. Nf3 Nc6 4. g3 d5 5. cxd5 Nxd5 6. Bg2 Nb6 7. O-O Be7 8. d3 O-O 9. a3 Be6 10. Be3 f6 11. d4 exd4 12. Nxd4 Nxd4 13. Qxd4 c6 14. Qe4 Qc8 15. Rfd1 Re8 16. Qc2 Nc4 17. Bf4 Na5 18. b4 Nc4 19. Be4 f5 20. Bd3 b5 21. h4 a5 22. bxa5 Nxa3 23. Qd2 Bf8 24. h5 h6 25. Nb1 Nc4 26. Qc3 b4 27. Qc1 Nxa5 28. Nd2 c5 29. Nc4 Nxc4 30. Rxa8 Qxa8 31. Bxc4 Qc6 32. e3 Bxc4 33. Qxc4+ Qe6 34. Qb5 Rc8 35. Rd7 b3 36. Qb7 Re8 37. Bd6 Bxd6 38. Rxg7+ Kf8 39. Rg6 Qf7 40. Qb6 Qc7 41. Qxb3 c4 42. Qc3 Be5 43. Qb4+ Kf7 44. Qb5 Rd8 45. Rc6 Qd7 46. Qxc4+ Qd5 47. Qxd5+ Rxd5 48. Rxh6 Bf6 49. Rg6 Rd8 50. g4 fxg4 51. Rxg4 Rd5 52. h6 Rh5 53. Kg2 Rxh6 54. Rg3 Rh8 55. Rh3 Ra8 56. Rf3 Ke6 57. Rf4 Be5 58. Rg4 Kf5 59. Rh4 Rg8+ 60. Kf3 Rf8 61. Rh3 Ke6+ 62. Kg2 Bc3 63. Rf3 Ra8 64. Rf4 Kd5 65. Kf1 Be5 66. Rg4 Ra2 67. Kg2 Bc3 68. Rh4 Ke5 69. Rg4 Bd2 70. Kf3 Be1 71. Rg2 Ra8 72. Ke2 Bb4 73. Rg5+ Kf6 74. Rg4 Bd6 75. Kf3 Kf5 76. Rd4 Be5 77. Rd5 Rh8 78. Rd2 Rh3+ 79. Ke2 Ke4 80. Ra2 Rh2 81. Ra4+ Kf5 82. Kf3 Rh1 83. Kg2 Rb1 84. Ra5 Rb2 85. Kf3 Ke6 86. Ra6+ Kf7 87. Ra5 Bc3 88. Ra1 Kf6 89. Rc1 Bb4 90. Rc6+ Kf5 91. Rc1 Be7 92. Rh1 Bg5 93. Rh8 Ra2 94. Rf8+ Bf6 95. Kg3 Ra6 96. Rc8 Ke4 97. Kg2 Be5 98. Rd8 Ra2 99. Rd7 Bc3 100. Re7+ Kd3 101. Kf1 Ra1+ 102. Kg2 Ke2 103. Rf7 Ra8 1/2-1/2


[Site "https://www.chess.com"]

[Event "Titled Tuesday Blitz November 01 Early 2022"]
[White "Selkirk, Rebecca"]
[Black "Fernandez Siles, Luis"]
[WhiteFideId "14306514"]
[BlackFideId "2209420"]
[WhiteElo "1649"]
[BlackElo "2186"]
[Result "0-1"]
[Round "06"]
[TimeControl "180+1"]
[Date "2022.11.02"]
[WhiteClock "0:00:12"]
[BlackClock "0:00:32"]

1. e4 c5 2. Nf3 Nc6 3. d4 cxd4 4. Nxd4 Nf6 5. Nc3 e5 6. Ndb5 d6 7. Bg5 a6 8. Na3 b5 9. Bxf6 gxf6 10. Nd5 f5 11. Bxb5 axb5 12. Nxb5 Ra4 13. c4 Rxc4 14. O-O Qh4 15. g3 Rg8 16. Nbc7+ Kd8 17. Rc1 Qxe4 18. Nf6 Rxc1 19. Qxc1 Qf3 20. Nxg8 Nd4 21. Re1 Bb7 22. Qg5+ Kc8 23. Nd5 Bxd5 24. Rc1+ Kb7 0-1


[Site "https://www.chess.com"]

[Event "Titled Tuesday Blitz November 01 Early 2022"]
[White "Sernecki, Franciszek"]
[Black "Odegov, Artem"]
[WhiteFideId "1169297"]
[BlackFideId "34183644"]
[WhiteElo "2209"]
[BlackElo "2298"]
[Result "1/2-1/2"]
[Round "06"]
[TimeControl "180+1"]
[Date "2022.11.02"]
[WhiteClock "0:00:21"]
[BlackClock "0:00:03"]

1. c4 Nf6 2. Nc3 e6 3. e4 d5 4. cxd5 exd5 5. e5 d4 6. exf6 dxc3 7. Bb5+ c6 8. Qe2+ Be6 9. Bc4 cxd2+ 10. Bxd2 Qxf6 11. Bc3 Qg6 12. Nf3 Nd7 13. O-O O-O-O 14. Bxe6 Qxe6 15. Qxe6 fxe6 16. Rfe1 Bc5 17. Rxe6 Rhe8 18. Rae1 Rxe6 19. Rxe6 Nf8 20. Re1 Rd7 21. Ne5 Re7 22. g4 Ne6 23. Nd3 Bd6 24. h3 g6 25. Bf6 Re8 26. Be5 Bf8 27. Bc3 Bd6 28. Kg2 Nf4+ 29. Nxf4 Rxe1 30. Bxe1 Bxf4 31. Bc3 Kd7 32. Kf3 Bd6 33. Ke4 Ke6 34. f4 a6 35. f5+ gxf5+ 36. gxf5+ Kf7 37. Be5 Be7 38. b3 h5 39. Kf4 Bd8 40. Bd6 Bf6 41. Be5 Be7 42. Ke4 Bg5 43. Kd4 Be7 44. a4 Bf8 45. Ke4 Bc5 46. Kf4 Be7 47. Bc7 Bf6 48. Ke4 Bg7 49. a5 Bf6 50. Kd3 Be7 51. Ke4 Bf6 52. Bb6 Bc3 53. Kf4 Kf6 54. Bd8+ Kf7 55. Bc7 Bd4 56. Ke4 Bc3 57. Bd8 Ke8 58. Bb6 Kf7 59. Bc7 Bf6 1/2-1/2


[Site "https://www.chess.com"]

[Event "Titled Tuesday Blitz November 01 Early 2022"]
[White "Shankland, Sam"]
[Black "Papasimakopoulos, Alexandros"]
[WhiteFideId "2004887"]
[BlackFideId "4244125"]
[WhiteElo "2612"]
[BlackElo "2357"]
[Result "0-1"]
[Round "06"]
[TimeControl "180+1"]
[Date "2022.11.01"]
[WhiteClock "0:00:45"]
[BlackClock "0:00:20"]

1. d4 e6 2. c4 Nf6 3. Nc3 Bb4 4. Qc2 c5 5. dxc5 Bxc5 6. Nf3 Qb6 7. e4 Ng4 8. Nd1 Nc6 9. a3 Nd4 10. Nxd4 Bxd4 11. h3 Nf6 12. Bd3 O-O 13. O-O d6 14. Be3 Bd7 15. Bxd4 Qxd4 16. Qc3 Qb6 17. Qd2 Qd4 18. Nc3 Rfc8 19. Rad1 Kf8 20. Rfe1 a6 21. Qf4 Qe5 22. Qxe5 dxe5 23. b4 a5 24. b5 a4 25. Rb1 Be8 26. Rb4 Nd7 27. Nxa4 Rxa4 28. Rxa4 Nc5 29. Ra7 Nxd3 30. Re3 Nc5 31. a4 Rd8 32. a5 Rd1+ 33. Kh2 Rc1 34. f3 Rxc4 35. a6 bxa6 36. bxa6 Ra4 37. Rc3 Rxa6 38. Rc7 Nd7 39. Rb3 Ra8 40. Rbb7 Ke7 41. Rc6 Kf6 42. h4 h5 43. Kg3 Nf8 44. Rcc7 Ng6 45. Rc1 Nf4 46. Rc2 g5 47. Rbc7 Bb5 48. Rb7 gxh4+ 49. Kxh4 Bf1 50. Rbb2 Ra3 51. Rf2 Bxg2 52. Rxg2 Nxg2+ 53. Rxg2 Rxf3 54. Kxh5 Rf4 55. Re2 Ke7 56. Kg5 f6+ 57. Kg6 Rg4+ 58. Kh5 Rg1 59. Re3 Kd6 60. Rd3+ Kc5 61. Rf3 Kd4 62. Rxf6 Kxe4 63. Rxe6 Kf4 64. Kh4 Rh1# 0-1


[Site "https://www.chess.com"]

[Event "Titled Tuesday Blitz November 01 Early 2022"]
[White "Shapiro, Daniel"]
[Black "Najdin, Danil"]
[WhiteFideId "2001780"]
[BlackFideId "4172426"]
[WhiteElo "2246"]
[BlackElo "2240"]
[Result "0-1"]
[Round "06"]
[TimeControl "180+1"]
[Date "2022.11.02"]
[WhiteClock "0:00:20"]
[BlackClock "0:00:45"]

1. d4 g6 2. e4 Bg7 3. Nc3 c6 4. h3 d5 5. Nf3 Nf6 6. e5 Ne4 7. Nxe4 dxe4 8. Ng5 c5 9. c3 cxd4 10. cxd4 Nc6 11. Be3 f6 12. Nxe4 fxe5 13. d5 Nd4 14. Bc4 Bf5 15. f3 Bxe4 16. fxe4 O-O 17. Bf2 Qa5+ 18. Kf1 Rac8 19. Rc1 Bh6 20. d6+ e6 21. Rc3 b5 22. Bb3 Rxc3 23. bxc3 Qxc3 24. Kg1 Be3 25. Bxe3 Qxe3+ 26. Kh2 Qf4+ 27. Kg1 Qf2+ 0-1


[Site "https://www.chess.com"]

[Event "Titled Tuesday Blitz November 01 Early 2022"]
[White "Shimelkov, Vasiliy"]
[Black "Bluebaum, Matthias"]
[WhiteFideId "13701630"]
[BlackFideId "24651516"]
[WhiteElo "2610"]
[BlackElo "2947"]
[Result "0-1"]
[Round "06"]
[TimeControl "180+1"]
[Date "2022.11.02"]
[WhiteClock "0:00:03"]
[BlackClock "0:01:44"]

1. d4 Nf6 2. Nf3 d5 3. c4 e6 4. Nc3 Bb4 5. Bg5 h6 6. Bxf6 Qxf6 7. e3 O-O 8. Rc1 Nc6 9. a3 Bxc3+ 10. Rxc3 dxc4 11. Bxc4 e5 12. dxe5 Nxe5 13. Nxe5 Qxe5 14. O-O Bf5 15. Qe2 Rad8 16. h3 Rd7 17. Re1 Rfd8 18. e4 Rd2 19. Qe3 Bc8 20. f4 Qe7 21. b4 c6 22. Qxa7 R2d4 23. Qc5 Qh4 24. Rce3 Rd1 25. Rxd1 Rxd1+ 26. Bf1 Qxf4 27. Rf3 Qxe4 28. Qh5 Be6 29. Qa5 Bc4 30. Qa8+ Kh7 31. Qxb7 Qd4+ 32. Kh2 Rxf1 0-1


[Site "https://www.chess.com"]

[Event "Titled Tuesday Blitz November 01 Early 2022"]
[White "Shubenkova, Veronika"]
[Black "Romero Ruscalleda, Josep"]
[WhiteFideId "44124040"]
[BlackFideId "2231859"]
[WhiteElo "2027"]
[BlackElo "2277"]
[Result "1-0"]
[Round "06"]
[TimeControl "180+1"]
[Date "2022.11.02"]
[WhiteClock "0:01:13"]
[BlackClock "0:00:18"]

1. e4 g6 2. d4 Bg7 3. c4 d6 4. Nc3 e5 5. d5 Ne7 6. Be3 O-O 7. f3 f5 8. Bd3 Nd7 9. Qd2 Nf6 10. O-O-O a6 11. h3 f4 12. Bf2 Bd7 13. c5 Ne8 14. Nge2 dxc5 15. Bxc5 Nd6 16. g4 fxg3 17. Qe3 Nf7 18. Kb1 Bh6 19. Qg1 Ng5 20. Qxg3 Rxf3 21. Qxe5 Rf7 22. d6 Nc6 23. Qg3 Ne6 24. dxc7 Qxc7 25. Bd6 Qa5 26. Bc4 Bg7 27. Rd5 b5 28. Bb3 Re8 29. Rhd1 Bc8 30. h4 Qb6 31. h5 Qf2 32. hxg6 hxg6 33. Qxg6 b4 34. Rf5 Rxf5 35. Qxe8+ Rf8 36. Bxe6+ Bxe6 37. Qxe6+ Rf7 38. Qc8+ Bf8 39. Rg1+ Qxg1+ 40. Nxg1 bxc3 41. Qxc6 Rf1+ 42. Kc2 Rf2+ 43. Kxc3 Bg7+ 44. e5 Rg2 45. Qxg2 1-0


[Site "https://www.chess.com"]

[Event "Titled Tuesday Blitz November 01 Early 2022"]
[White "Sipahioglu, Irmak"]
[Black "Osinovsky, Stepan"]
[WhiteFideId "6307205"]
[BlackFideId "4157354"]
[WhiteElo "2099"]
[BlackElo "2222"]
[Result "1-0"]
[Round "06"]
[TimeControl "180+1"]
[Date "2022.11.02"]
[WhiteClock "0:01:11"]
[BlackClock "0:00:02"]

1. d4 Nf6 2. c4 g6 3. Nc3 Bg7 4. e4 O-O 5. Nf3 d6 6. Be2 Nbd7 7. O-O e5 8. Re1 Re8 9. Bf1 exd4 10. Nxd4 a5 11. f3 h5 12. Bg5 Ne5 13. Qd2 c6 14. Rad1 Qb6 15. Be3 Qc7 16. b3 Be6 17. h3 Rad8 18. Nde2 Bc8 19. f4 Ned7 20. Qxd6 Qxd6 21. Rxd6 Nxe4 22. Nxe4 Rxe4 23. Ng3 Re7 24. Bf2 Rde8 25. Rxe7 Rxe7 26. f5 Be5 27. Rd3 Nf6 28. fxg6 fxg6 29. Bc5 Rd7 30. Rf3 Kg7 31. Bd3 Bd4+ 32. Bxd4 Rxd4 33. Kf2 c5 34. Ke3 b6 35. Ne2 Rd8 36. Nf4 Bb7 37. Ne6+ Kh6 38. Nxd8 Bxf3 39. Kxf3 Nd7 40. Ne6 g5 41. Ke4 h4 42. Kf5 Kh5 43. Be2+ Kh6 44. Nxg5 Nf8 45. Ne6 Ng6 46. Nc7 Ne7+ 47. Ke6 Nc6 48. Nd5 Nd4+ 49. Ke5 Nxe2 50. Nxb6 Kg5 51. Nd7 Nf4 52. Nxc5 Nxg2 53. Ne6+ Kg6 54. c5 Kf7 55. Kd6 1-0


[Site "https://www.chess.com"]

[Event "Titled Tuesday Blitz November 01 Early 2022"]
[White "Skliarov, Viktor"]
[Black "Amgalantengis, Enkh-Amgalan"]
[WhiteFideId "14106736"]
[BlackFideId "4903536"]
[WhiteElo "2284"]
[BlackElo "1772"]
[Result "0-1"]
[Round "06"]
[TimeControl "180+1"]
[Date "2022.11.02"]
[WhiteClock "0:00:05"]
[BlackClock "0:01:01"]

1. e4 c5 2. Nf3 d6 3. d4 cxd4 4. Qxd4 Nf6 5. Nc3 Nc6 6. Bb5 Bd7 7. Bxc6 Bxc6 8. Bg5 e6 9. O-O-O Be7 10. Rhe1 Qa5 11. Kb1 h6 12. Bh4 O-O 13. Qd2 Rfc8 14. Nd5 Qxd2 15. Nxe7+ Kf8 16. Nxd2 Kxe7 17. f4 Ke8 18. Bxf6 gxf6 19. Nc4 Ke7 20. Nxd6 Rd8 21. e5 Bxg2 22. Rg1 Bf3 23. Rg7 Bh5 24. Rdg1 fxe5 25. fxe5 Rxd6 26. exd6+ Kxd6 27. Rh7 Bf3 28. Rxf7 Bd5 29. a4 a5 30. b3 Re8 31. Kb2 h5 32. c4 Bc6 33. Kc3 Kc5 34. Rg5+ Kb6 35. Rxh5 e5 36. Rhh7 e4 37. Re7 Rd8 38. Rh6 Rd3+ 39. Kc2 Kc5 40. Rxc6+ bxc6 41. Rxe4 Rh3 42. Re2 Kb4 43. c5 Rc3+ 44. Kd2 Rxb3 45. h4 Rh3 46. Re4+ Kxc5 47. Ke2 Kd5 48. Rg4 c5 49. Kf2 c4 50. Kg2 Re3 51. Rg5+ Kd4 52. Rxa5 c3 53. Ra8 c2 54. Rd8+ Kc3 55. Rc8+ Kb2 56. Rxc2+ Kxc2 57. a5 Ra3 58. a6 Kd3 59. Kf3 Kd4+ 60. Kf4 Rxa6 61. h5 Rf6+ 62. Kg5 Ke5 63. h6 Rf1 64. h7 Rg1+ 65. Kh6 Rh1+ 66. Kg7 Rg1+ 67. Kf7 Rf1+ 68. Kg8 Rg1+ 69. Kf7 Rh1 70. Kg8 Ke6 0-1


[Site "https://www.chess.com"]

[Event "Titled Tuesday Blitz November 01 Early 2022"]
[White "Sokolovsky, Yahli"]
[Black "D`Arruda, Ricardo D."]
[WhiteFideId "2820242"]
[BlackFideId "100692"]
[WhiteElo "2316"]
[BlackElo "2482"]
[Result "1-0"]
[Round "06"]
[TimeControl "180+1"]
[Date "2022.11.02"]
[WhiteClock "0:00:40"]
[BlackClock "0:00:04"]

1. b3 e5 2. Bb2 Nc6 3. e3 Nf6 4. Nf3 d6 5. d4 exd4 6. exd4 Be7 7. d5 Nb8 8. c4 Bf5 9. Nd4 Bg6 10. Bd3 Nbd7 11. O-O O-O 12. Nc3 Re8 13. Bxg6 hxg6 14. Re1 a6 15. Qf3 Bf8 16. Qh3 Nc5 17. b4 Nce4 18. Nxe4 Rxe4 19. Rxe4 Nxe4 20. Re1 Nf6 21. Kf1 Qd7 22. Qxd7 Nxd7 23. Nb3 b6 24. Bc3 Nf6 25. Bxf6 gxf6 26. Nd4 f5 27. a4 Bg7 28. Nc6 Bf6 29. Re3 Kf8 30. Ke2 Re8 31. Rxe8+ Kxe8 32. Kd3 Kd7 33. Nb8+ Kc8 34. Nxa6 Kb7 35. b5 Bb2 36. Nb4 Ba3 37. Nc6 Kc8 38. a5 bxa5 39. Nxa5 Bc5 40. f3 Kd7 41. Nb3 Bg1 42. h3 g5 43. Nd4 f4 44. Ke4 Ke7 45. Ne2 Bf2 46. Kf5 Bh4 47. Nc3 f6 48. Ne4 Be1 49. Nxf6 1-0


[Site "https://www.chess.com"]

[Event "Titled Tuesday Blitz November 01 Early 2022"]
[White "Stribuk, Artiom"]
[Black "Krysa, Leandro"]
[WhiteFideId "13515659"]
[BlackFideId "116807"]
[WhiteElo "2279"]
[BlackElo "2486"]
[Result "0-1"]
[Round "06"]
[TimeControl "180+1"]
[Date "2022.11.01"]
[WhiteClock "0:00:02"]
[BlackClock "0:01:00"]

1. d4 g6 2. Nf3 Bg7 3. g3 c5 4. dxc5 Qa5+ 5. Nbd2 Qxc5 6. Bg2 Nf6 7. O-O O-O 8. c4 d6 9. b3 Nc6 10. Bb2 Qh5 11. Re1 Bh3 12. Bh1 Rac8 13. e3 Bg4 14. Bg2 Rfd8 15. Qe2 d5 16. cxd5 Nxd5 17. Bxg7 Kxg7 18. Nf1 Nc3 19. Qb2 Nb4 20. Nd4 Nd3 21. Qa3 Nxe1 22. Rxe1 Qc5 23. Qxc5 Rxc5 24. h3 Bc8 25. b4 Rc4 26. a3 e5 27. Nd2 Rc7 28. N4b3 b6 29. Nf3 Be6 30. Nbd2 f6 31. g4 Rcd7 32. Nf1 Rd1 33. g5 Rxe1 34. Nxe1 fxg5 35. Nf3 Kf6 36. Ng3 Rd1+ 37. Kh2 Bd5 38. h4 gxh4 39. Nxh4 Bxg2 40. Nxg2 Ra1 41. f4 exf4 42. Nxf4 Rxa3 43. e4 Nxe4 44. Nxe4+ Ke5 0-1


[Site "https://www.chess.com"]

[Event "Titled Tuesday Blitz November 01 Early 2022"]
[White "Svane, Rasmus"]
[Black "Pakleza, Zbigniew"]
[WhiteFideId "4657101"]
[BlackFideId "1119290"]
[WhiteElo "2674"]
[BlackElo "2411"]
[Result "1-0"]
[Round "06"]
[TimeControl "180+1"]
[Date "2022.11.01"]
[WhiteClock "0:02:54"]
[BlackClock "0:01:57"]

1. Nf3 d5 2. g3 Nf6 3. Bg2 Bf5 4. c4 c6 5. Qb3 Qb6 6. O-O e6 7. d3 Nbd7 8. cxd5 cxd5 9. Nc3 Qxb3 10. axb3 Bc5 11. Nb5 O-O 12. Bf4 a6 13. Nd6 Bxd6 14. Bxd6 Rac8 15. Bxf8 1-0


[Site "https://www.chess.com"]

[Event "Titled Tuesday Blitz November 01 Early 2022"]
[White "Szente Varga, Fruzsina"]
[Black "Petrovic, Aleksa"]
[WhiteFideId "712264"]
[BlackFideId "967629"]
[WhiteElo "1994"]
[BlackElo "2242"]
[Result "0-1"]
[Round "06"]
[TimeControl "180+1"]
[Date "2022.11.02"]
[WhiteClock "0:00:01"]
[BlackClock "0:00:02"]

1. e4 c6 2. d4 d5 3. Nc3 dxe4 4. Nxe4 Bf5 5. Ng3 Bg6 6. Bc4 e6 7. N1e2 Nf6 8. c3 Nbd7 9. O-O Bd6 10. f4 c5 11. f5 exf5 12. Nxf5 Bxf5 13. Rxf5 O-O 14. Bg5 cxd4 15. Nxd4 Qc7 16. Bd3 Bxh2+ 17. Kh1 Be5 18. Qf3 h6 19. Bxf6 Bxf6 20. Rf1 Ne5 21. Qg3 Rfe8 22. Rxf6 Qe7 23. R6f5 Nxd3 24. Qxd3 Rad8 25. Qg3 Rf8 26. R5f4 Rd5 27. Nf5 Qe5 28. Nxh6+ Kh7 29. Nf5 g6 30. Rh4+ Kg8 31. Qh3 Rfd8 32. Rh8+ Qxh8 33. Qxh8+ Kxh8 34. Ne7 Rd1 35. Rxd1 Rxd1+ 36. Kh2 Kg7 37. c4 Rd7 38. Nd5 b5 39. b3 bxc4 40. bxc4 Rd6 41. Kg3 Rc6 42. Ne3 f5 43. Kf3 Kf6 44. g3 Kg5 45. Ke2 f4 46. gxf4+ Kxf4 47. Kd3 g5 48. Kd4 Kf3 49. Nf5 g4 50. Kd5 Rc8 51. c5 Rf8 52. Nd4+ Kf2 53. Ke4 g3 54. c6 g2 55. Ne6 Re8 56. Kd5 g1=Q 57. c7 Qd1+ 58. Kc6 Qc2+ 59. Nc5 Qg6+ 60. Kb7 Qf7 61. Na6 Re7 62. a4 Rxc7+ 63. Nxc7 Qc4 64. a5 a6 65. Kb6 Qb4+ 66. Kxa6 Kf3 67. Nb5 Ke4 68. Kb6 Kd5 69. a6 Qc5+ 0-1


[Site "https://www.chess.com"]

[Event "Titled Tuesday Blitz November 01 Early 2022"]
[White "Tharushi, T H D Niklesha"]
[Black "Cabezas Solano, David Alejandro"]
[WhiteFideId "9918264"]
[BlackFideId "6507522"]
[WhiteElo "1596"]
[BlackElo "2035"]
[Result "0-1"]
[Round "06"]
[TimeControl "180+1"]
[Date "2022.11.02"]
[WhiteClock "0:00:18"]
[BlackClock "0:00:05"]

1. e4 c5 2. Nf3 d6 3. d4 cxd4 4. Nxd4 Nf6 5. Nc3 a6 6. Bg5 e6 7. f4 Nbd7 8. Qf3 Qc7 9. O-O-O b5 10. g4 b4 11. Nb1 Bb7 12. Bd3 h6 13. Bxf6 Nxf6 14. g5 hxg5 15. fxg5 Nd7 16. g6 Ne5 17. gxf7+ Qxf7 18. Qxf7+ Kxf7 19. Nd2 Be7 20. Kb1 Rh3 21. Bf1 Rh6 22. Bg2 Rah8 23. Rhf1+ Ke8 24. h3 Kd7 25. N2f3 Nc4 26. Rfe1 Rg6 27. Re2 Bf6 28. b3 Rxg2 29. Rxg2 Ne3 30. Rgd2 Nxd1 31. Rxd1 Bxe4 32. Re1 Bxf3 33. Nxf3 Rxh3 34. Re3 Rh1+ 35. Re1 Rxe1+ 36. Nxe1 g5 37. Kc1 g4 38. Ng2 Bg5+ 39. Kd1 Kc6 40. Ke2 Kd5 41. Kd3 e5 42. c3 e4+ 43. Kc2 bxc3 44. Kxc3 Ke5 45. a4 d5 46. b4 d4+ 47. Kc4 d3 48. Kc3 d2 49. Kc2 Kd4 50. b5 axb5 51. axb5 Kc5 52. b6 Kxb6 53. Kd1 Kc5 54. Ke2 Kd4 55. Kd1 g3 56. Ke2 e3 57. Kd1 Ke4 58. Ke2 Bh6 59. Kd1 Kf3 60. Nh4+ Kf2 61. Kc2 e2 62. Kd3 d1=Q+ 63. Ke4 e1=Q+ 64. Kf5 Qd5+ 65. Kg6 Qee6+ 66. Kh7 Qdd7+ 67. Kh8 Qee8# 0-1


[Site "https://www.chess.com"]